Map: Alcyone LE

Players

Subwayeatn

  • Race: Zerg Zerg
  • League: Diamond
  • Spawn Location: 1:00

Broseidon - Winner!

  • Race: Protoss Protoss
  • League: Diamond
  • Spawn Location: 7:00

VOD

Have the link to the VOD?

Description

Time

  • Played on: Nov. 17, 2023, 10:23 a.m.
  • Length: 13:26
Show
View Real Time Build Order
Export as new Build Order

Subwayeatn Zerg 

Build Orders: Hatch First 

Get SALT Encoding   

  12  0:00  Drone  
  13  0:13  Overlord  
  13  0:20  Drone  
  14  0:31  Drone x2  
  16  1:03  Drone x3  
  19  1:07  Hatchery, Extractor  
  17  1:21  Spawning Pool  
  17  1:23  Drone  
  17  1:28  Drone  
  18  1:35  Drone  
  19  1:48  Drone  
  20  2:03  Overlord  
  20  2:19  Drone  
  20  2:20  Metabolic Boost  
  20  2:21  Queen  
  20  2:22  Queen  
  25  2:25  Drone x2  
  27  2:41  Drone x2, Spine Crawler  
  28  2:47  Zergling x4, Spine Crawler  
  30  2:51  Drone x2  
  31  3:07  Queen  
  31  3:28  Hatchery  
  31  3:30  Drone x5  
  31  3:32  Zergling x2  
  33  3:55  Extractor  
  33  3:58  Lair  
  33  3:59  Overlord  
  33  4:01  Overlord  
  32  4:17  Drone x2  
  32  4:18  Drone, Baneling Nest  
  32  4:22  Queen  
  36  4:28  Drone x3  
  38  4:46  Spore Crawler  
  37  4:53  Spore Crawler  
  37  4:54  Drone x11  
  47  5:02  Overlord  
  47  5:04  Centrifugal Hooks  
  47  5:06  Zergling x2  
  48  5:15  Queen  
  48  5:20  Spore Crawler  
  49  5:23  Zergling x6  
  52  5:29  Hydralisk Den  
  51  5:35  Zergling x2  
  51  5:36  Zergling x10  
  51  5:39  Baneling x4  
  57  5:43  Overlord  
  57  5:55  Drone  
  57  5:56  Drone, Extractor  
  58  5:59  Overlord  
  58  6:00  Overlord  
  58  6:02  Baneling x5  
  58  6:03  Baneling x5  
  58  6:06  Zergling x4  
  60  6:20  Hydralisk x4  
  60  6:25  Overlord  
  68  6:27  Overlord  
  68  6:30  Grooved Spines  
  68  6:39  Extractor  
  64  6:49  Drone x6  
  64  6:53  Drone x3  
  72  7:06  Drone x9  
  80  7:10  Overlord  
  80  7:16  Overseer  
  80  7:20  Overlord  
  80  7:21  Overlord  
  80  7:29  Hydralisk x3  
  79  7:48  Zergling x28  
  86  7:55  Drone  
  87  8:00  Drone x2  
  87  8:02  Muscular Augments  
  89  8:08  Evolution Chamber  
  89  8:09  Evolution Chamber  
  87  8:14  Hydralisk  
  87  8:15  Hydralisk x4  
  97  8:25  Overlord x3  
  97  8:26  Overlord  
  97  8:27  Overseer  
  97  8:32  Overlord x3  
  97  8:40  Drone, Extractor  
  97  8:45  Drone  
  97  8:46  Drone x3  
  97  8:47  Drone x3  
  102  9:09  Queen  
  102  9:12  Spore Crawler  
  102  9:13  Drone x2  
  105  9:19  Drone  
  105  9:21  Drone, Spore Crawler  
  105  9:23  Drone x3, Extractor  
  108  9:27  Hydralisk x9  
  126  9:39  Overlord x2  
  126  9:46  Zerg Melee Weapons Level 1  
  126  9:47  Zerg Missile Weapons Level 1  
  119  10:02  Baneling x2  
  119  10:03  Baneling x12  
  119  10:10  Infestation Pit  
  118  10:16  Hatchery, Extractor  
  118  10:19  Extractor  
  115  10:21  Spire  
  115  10:24  Lurker Den  
  113  10:32  Drone x3  
  113  10:33  Overlord  
  116  10:37  Hydralisk  
  116  10:38  Hydralisk x13  
  145  10:42  Zergling x2  
  145  10:51  Drone x6  
  151  10:58  Hive  
  151  11:27  Spore Crawler  
  151  11:32  Zergling x4  
  152  11:33  Zergling x2  
  152  11:34  Zergling x12  
  152  11:35  Zergling x4  
  152  11:37  Spore Crawler  
  152  11:38  Corruptor  
  152  11:39  Corruptor x3  
  168  11:50  Overlord x5  
  168  11:59  Queen, Spore Crawler  
  165  12:07  Baneling  
  165  12:08  Baneling x14  
  164  12:10  Corruptor x2  
  164  12:11  Corruptor x2  
  164  12:14  Zergling x2  
  164  12:15  Zergling x14  
  150  12:43  Drone x8  
  150  12:44  Drone  
  144  12:45  Drone x2  
  144  12:46  Drone x4  
  115  12:54  Hydralisk  
  115  12:55  Hydralisk x3  
  117  13:09  Drone  
  117  13:11  Drone x2  
Show
View Real Time Build Order
Export as new Build Order

Broseidon Protoss - Winner!

Build Orders: 1 Gate Expand, Oracle Opening 

Get SALT Encoding   

  12  0:02  Probe  
  13  0:14  Probe  
  13  0:18  Pylon  
  14  0:26  Probe  
  15  0:39  Gateway  
  15  0:42  Probe (Chrono Boost)  
  16  0:49  Assimilator  
  16  0:51  Probe (Chrono Boost)  
  16  0:56  Pylon  
  17  1:00  Probe  
  18  1:13  Probe  
  19  1:25  Probe  
  19  1:28  Cybernetics Core  
  20  1:39  Nexus  
  20  1:47  Pylon  
  20  1:49  Probe  
  21  1:58  Assimilator  
  21  2:01  Probe  
  21  2:03  Adept (Chrono Boost)  
  24  2:37  Adept  
  24  2:40  Stargate  
  26  2:45  Probe  
  27  2:55  Probe  
  27  2:57  Probe  
  29  2:59  Gateway  
  29  3:07  Probe  
  29  3:09  Probe  
  31  3:19  Probe  
  32  3:21  Probe  
  33  3:32  Oracle (Chrono Boost), Probe  
  33  3:33  Probe, Adept  
  33  3:34  Warp Gate  
  40  3:44  Probe  
  40  3:45  Probe  
  40  3:55  Adept  
  40  3:56  Probe  
  40  3:57  Probe  
  40  3:59  Assimilator  
  42  4:08  Probe  
  42  4:09  Probe  
  44  4:13  Twilight Council  
  44  4:15  Gateway  
  44  4:21  Nexus  
  44  4:26  Pylon  
  41  4:38  Probe  
  41  4:39  Probe  
  41  4:41  Oracle (Chrono Boost)  
  46  4:46  Charge (Chrono Boost)  
  46  4:47  Stalker  
  46  4:49  Adept  
  50  4:58  Forge, Probe  
  51  5:02  Probe  
  52  5:10  Probe  
  53  5:17  Pylon  
  53  5:20  Pylon  
  53  5:27  Protoss Ground Weapons Level 1 (Chrono Boost)  
  53  5:32  Adept  
  53  5:35  Probe  
  60  5:38  Void Ray  
  60  5:41  Gateway  
  60  5:44  Gateway  
  60  5:45  Gateway  
  60  5:50  Probe  
  60  5:52  Robotics Facility  
  60  5:53  Probe  
  60  5:54  Robotics Facility  
  62  5:57  Shield Battery  
  62  6:23  Probe x2  
  64  6:35  Probe x2  
  70  6:45  Immortal x2, Void Ray  
  74  6:47  Probe  
  74  6:48  Robotics Bay  
  74  6:51  Probe  
  76  6:59  Probe  
  75  7:05  Probe  
  75  7:08  Probe, Assimilator  
  75  7:11  Probe  
  75  7:12  Photon Cannon  
  75  7:13  Photon Cannon  
  76  7:15  Photon Cannon  
  76  7:17  Probe, Protoss Ground Armor Level 1 (Chrono Boost)  
  76  7:20  Probe, Shield Battery  
  78  7:23  Probe, Photon Cannon  
  78  7:29  Probe  
  80  7:33  Photon Cannon  
  75  7:43  Stalker x3  
  75  7:48  Probe  
  75  7:49  Probe  
  73  7:52  Zealot x3  
  73  7:54  Probe  
  80  8:02  Probe x2  
  85  8:05  Oracle  
  85  8:20  Pylon  
  85  8:24  Pylon  
  85  8:27  Pylon, Nexus  
  85  8:31  Gateway  
  85  8:33  Templar Archives  
  85  8:37  Colossus  
  85  8:38  Probe x2  
  93  8:42  Fleet Beacon, Probe  
  94  8:50  Probe  
  95  9:03  Probe  
  95  9:04  Probe  
  95  9:06  Assimilator  
  95  9:08  Assimilator  
  97  9:10  Shield Battery, Photon Cannon  
  97  9:11  Photon Cannon  
  97  9:12  Pylon  
  97  9:15  Psionic Storm, Shield Battery  
  97  9:17  Photon Cannon  
  97  9:20  Photon Cannon  
  97  9:21  Probe  
  97  9:22  Probe  
  99  9:27  High Templar  
  99  9:28  High Templar  
  99  9:29  Probe  
  104  9:34  Probe x2  
  106  9:41  Probe  
  106  9:42  Probe  
  108  9:46  Probe x2  
  108  9:50  Zealot x4  
  118  10:01  Protoss Ground Armor Level 2 (Chrono Boost)  
  118  10:04  Blink  
  118  10:05  Colossus (Chrono Boost)  
  118  10:08  Forge  
  124  10:18  High Templar x2  
  124  10:19  Zealot  
  124  10:20  Zealot  
  132  10:35  Pylon  
  132  10:37  Gateway, Pylon  
  132  10:39  Gateway  
  132  10:41  Gateway  
  132  10:43  Photon Cannon x2  
  132  10:45  Gateway  
  132  10:46  Photon Cannon  
  132  10:53  Probe x3  
  135  10:57  Pylon, Nexus  
  135  10:59  Pylon, Probe  
  135  11:02  Pylon  
  136  11:05  Probe  
  136  11:06  Sentry x2  
  136  11:07  Sentry  
  136  11:09  High Templar x2  
  147  11:13  Probe  
  147  11:15  Probe  
  145  11:25  Nexus  
  145  11:29  Unknown  
  145  11:30  Pylon  
  145  11:32  Zealot  
  147  11:33  Zealot x4  
  147  11:37  Disruptor  
  147  11:38  Disruptor  
  163  11:43  Probe  
  164  11:47  Probe x2  
  166  12:07  Zealot x7  
  180  12:22  Observer x2  
  148  12:37  Zealot x4  
  132  12:47  Stalker x4  
  132  12:51  Zealot x3  
  134  13:00  High Templar  
  134  13:01  High Templar x3  
  134  13:02  Probe x3  
  134  13:03  Probe  
  154  13:10  Zealot  
  154  13:11  Zealot x6  
  172  13:23  Assimilator  
  172  13:24  Assimilator  
Tags
 
Add a new tag
Caveats
  • Supply blocks, unpowered buildings, or Contaminate may cause inaccurate times.
  • Supply counts are checked every 10 seconds.